 Dungeon Crawl Stone Soup version 0.21-a0-440-g28109cb (webtiles) character file.

105 slep the Covered (level 4, 0/37 HPs)
             Began as a Barachi Fighter on Nov 12, 2017.
             Was a Follower of Yredelemnul.
             Killed by divine providence
             ... invoked by an orc priest
              (11 damage)
             ... on level 2 of the Dungeon.
             The game lasted 00:07:09 (898 turns).

slep the Covered (Barachi Fighter)                   Turns: 898, Time: 00:07:10

Health: 0/37       AC:  8    Str: 18    XL:     4   Next: 81%
Magic:  4/4        EV:  7    Int:  8    God:    Yredelemnul [*.....]
Gold:   77         SH:  9    Dex: 12    Spells: 3/3 levels left

rFire    . . .     SeeInvis .   a - +0 long sword
rCold    . . .     Gourm    .   c - +0 shield
rNeg     . . .     Faith    .   b - +0 scale mail
rPois    .         Spirit   .   (no helmet)
rElec    .         Reflect  .   (no cloak)
rCorr    .         Harm     .   n - +0 pair of gloves
MR       .....                  (no boots)
Stlth    ..........             (no amulet)
HPRegen  0.12/turn              (no ring)
MPRegen  0.09/turn              (no ring)

@: slow
A: +LOS, swims, slowness 1, strong legs 1
a: Hop, Animate Remains, Renounce Religion


You were on level 2 of the Dungeon.
You worshipped Yredelemnul.
Yredelemnul was aware of your devotion.
You were hungry.

You visited 1 branch of the dungeon, and saw 2 of its levels.

You collected 77 gold pieces.

Inventory:

Hand Weapons
 a - a +0 long sword (weapon)
Armour
 b - a +0 scale mail (worn)
 c - a +0 shield (worn)
 n - a +0 pair of gloves (worn)
Scrolls
 e - 4 scrolls of teleportation {unknown}
 g - a scroll of magic mapping {unknown}
 k - a scroll of immolation {unknown}
Potions
 d - a potion of might
 h - a potion of degeneration {unknown}
 i - 2 potions of curing {unknown}
 l - 2 potions of resistance {unknown}
 m - 2 potions of heal wounds {unknown}
Comestibles
 f - 2 bread rations
 j - a meat ration


   Skills:
 + Level 4.0 Fighting
 + Level 3.8 Long Blades
 + Level 4.3 Armour
 + Level 1.1 Dodging
 + Level 4.1 Shields


You had 3 spell levels left.
You didn't know any spells.

Dungeon Overview and Level Annotations

Branches:
Dungeon (2/15)

Altars:
Okawaru
Yredelemnul


Innate Abilities, Weirdness & Mutations

Shadows flee at your approach. (+LOS)
You can swim through water.
You cover ground slowly.
You can hop short distances.


Message History

Beogh smites you!
The orc wizard gestures at you while chanting.
The puff of frost misses you.
You closely miss the orc wizard. You block the orc wizard's attack.
The orc priest looks encouraged for a moment.
The orc priest casts a cantrip, but nothing happens.
You barely miss the orc. The orc hits you but does no damage.
You hit the orc but do no damage.
The orc wizard mumbles some strange words.
The orc wizard seems to speed up.
The orc hits you with a short sword.
You closely miss the orc.
The orc wizard looks encouraged for a moment.
The orc hits you but does no damage. You block the orc's attack.
An orc wizard comes into view. It is wielding a dagger.
You completely miss the orc. The orc hits you with a short sword.
* * * LOW HITPOINT WARNING * * *
The orc priest invokes the aid of Beogh against you.
Beogh smites you!
You die...
Your body rises from the dead as a mindless zombie.

#.#
#.####
#....#
#..#.#
##...#
##.##
#.#
#.#
#@#
#o#
#o#
#o#
######
#o#
......
.o#
.....>
### .#
.#


You could see 2 orc priests, 2 orc wizards and an orc.

Vanquished Creatures
  A hound (D:2)
  Terence (D:2)
  2 worms (D:2)
  3 dart slugs (D:1)
  A leopard gecko (D:2)
  2 giant cockroaches (D:1)
  5 hobgoblins (D:1)
  7 kobolds
  A quokka (D:2)
  3 bats (D:1)
  4 frilled lizards
  4 goblins
  3 rats
37 creatures vanquished.

Notes
Turn   | Place    | Note
-------+----------+-------------------------------------------
     0 | D:1      | slep the Barachi Fighter began the quest for the Orb.
     0 | D:1      | Reached XP level 1. HP: 18/18 MP: 1/1
   103 | D:1      | Reached XP level 2. HP: 24/25 MP: 2/2
   220 | D:1      | Reached XP level 3. HP: 12/30 MP: 3/3
   426 | D:2      | Found an iron altar of Okawaru.
   514 | D:2      | Found a faded altar of an unknown god.
   516 | D:2      | Became a worshipper of Yredelemnul the Dark
   516 | D:2      | Reached * piety under Yredelemnul
   563 | D:2      | Reached skill level 1 in Dodging
   563 | D:2      | Reached XP level 4. HP: 37/37 MP: 4/4
   844 | D:2      | Noticed Terence
   859 | D:2      | Killed Terence
   898 | D:2      | Killed from afar by an orc priest

Vault maps used:
D:1:      scummos_arrival_simple_crosswalls, minmay_pentomino_u2
D:2:      chequers_ecumenical_altar_twisty, serial_park_tiny_pond,
          okawaru_gym_becter, uniq_terence

Skill      XL: |  1  2  3 |
---------------+----------+-----
Armour         | 4 |  4.3
Fighting       | 4 |  4.0
Long Blades    | 3 |  3.8
Dodging        | 1 |  1.1
Shields        | 4 |  4.1

Action                   |  1- 3 |  4- 6 || total
-------------------------+-------+-------++-------
Melee: Long sword        |   115 |    51 ||   166
Armor: Scale mail        |    71 |    13 ||    84
Dodge: Dodged            |    43 |    17 ||    60
Block: Shield            |    62 |    20 ||    82
       Rpst.: Long sword |    15 |     8 ||    23

Table legend:
 A = Spawn XP
 B = Non-spawn XP
 C = Spawn XP percentage of total XP
 D = Spawn monster count
 E = Non-spawn monster count
 F = Spawn count percentage of total count
 G = Total turns spent on level
                    A         B        C        D         E        F      G
               +---------+---------+-------+---------+---------+-------+---------
         Total |       0 |     150 |   0.0 |       0 |      37 |   0.0 |   898
               +---------+---------+-------+---------+---------+-------+---------
           D:1 |       0 |      44 |   0.0 |       0 |      23 |   0.0 |   415
           D:2 |       0 |     106 |   0.0 |       0 |      14 |   0.0 |   483
               +---------+---------+-------+---------+---------+-------+---------
